 Dungeon Crawl Stone Soup version 0.31-a0-750-gfe7b580527 (webtiles) character file.

Game seed: 8411743796220775178

9499 thriggle the Frost Mage (level 11, -3/84 HPs)
             Began as a Barachi Ice Elementalist on Sept 14, 2023.
             Was a Priest of Vehumet.
             Killed by miscasting Fireball (9 damage)
             ... on level 9 of the Dungeon.
             The game lasted 01:14:44 (10061 turns).

thriggle the Frost Mage (Barachi Ice Elementalist) Turns: 10061, Time: 01:14:46

Health: -3/84      AC:  8    Str: 10      XL:     11   Next: 47%
Magic:  9/29       EV: 14    Int: 27 (28) God:    Vehumet [***...]
Gold:   408        SH:  0    Dex: 10 (12) Spells: 1/22 levels left

rFire   + . .        M - staff of Zin's Pride {rPois rC++ Int+3 Poison}
rCold   + + .        x - orb {*channel}
rNeg    . . .        H - +2 robe
rPois   +            (no helmet)
rElec   +            D - +1 cloak
rCorr   +            e - +0 pair of gloves
SInv    .            w - +0 pair of boots
Will    .....        E - amulet of Qazlal's Displeasure {Faith +Inv rF+ rCorr}
Stlth   +++          R - ring "Geyneipp" {rElec MP+9 Int+5}
HPRegen 0.34/turn    (no ring)
MPRegen 0.21/turn

%: clarity, faith, channel magic (20%)
@: very slightly contaminated, slow
A: amphibious, slowness 1, strong legs 1, +LOS, clarity, deterioration 1
a: Hop, Renounce Religion, Evoke Invisibility


You were on level 9 of the Dungeon.
You worshipped Vehumet.
Vehumet was most pleased with you.
You visited 1 branch of the dungeon, and saw 9 of its levels.

You collected 635 gold pieces.
You spent 227 gold pieces at shops.

Inventory:

Hand Weapons
 g - a +0 whip of pain
 m - a +4 trident of draining
 p - a +0 flail of protection
 t - a +0 trident
 A - a +4 flail
 I - a +0 dagger of flaming
 N - a +0 rapier
Missiles
 h - 24 stones
 k - 4 boomerangs
 r - 23 poisoned darts
 J - 2 atropa-tipped darts
 K - 8 silver javelins
 U - a curare-tipped dart
Armour
 a - a +0 robe
 e - a +0 pair of gloves (worn)
 j - the +0 chain mail of Iceom {Rampage SInv}
   (You found it on level 5 of the Dungeon)

   SInv:      It lets you see invisible.
   Rampage:   It bestows one free step when moving towards enemies.
 o - a +0 tower shield
 w - a +0 pair of boots (worn)
 x - an orb of energy (worn)
 y - a +1 leather armour
 D - a +1 cloak (worn)
 H - a +2 robe (worn)
Magical Staves
 B - a staff of cold
 M - the staff of Zin's Pride (weapon) {rPois rC++ Int+3 Poison}
   (You acquired it on level 6 of the Dungeon)

   [staff of poison]

   Base accuracy: +5 Base damage: 5 Base attack delay: 1.2 This weapon's minimum
   attack delay (0.6) is reached at skill level 12.
   Int+3:     It affects your intelligence (+3).
   rC++:      It greatly protects you from cold.
   rPois:     It protects you from poison Poison: It increases the power of your
   Poison spells.
   It falls into the 'Staves' category.
   It is a one-handed weapon.
Jewellery
 C - an amulet of guardian spirit
 E - the amulet of Qazlal's Displeasure (around neck) {Faith +Inv rF+ rCorr}
   (You acquired it on level 6 of the Dungeon)

   [amulet of faith]

   Faith:     It allows you to gain divine favour quickly.
   rF+:       It protects you from fire.
   +Inv:      It lets you turn invisible.
   rCorr:     It protects you from acid and corrosion.
 R - the ring "Geyneipp" (left hand) {rElec MP+9 Int+5}
   (You acquired it on level 9 of the Dungeon)

   [ring of magical power]

   Int+5:     It affects your intelligence (+5).
   rElec:     It insulates you from electricity.
   MP+9:      It affects your magic capacity (+9).
 T - a ring of flight
Talismans
 c - a beast talisman
 G - a flux talisman
Wands
 f - a wand of digging (8)
 S - a wand of polymorph (3)
Scrolls
 d - a scroll of amnesia
 i - 2 scrolls of revelation
 l - a scroll of vulnerability
 n - 3 scrolls of teleportation
 z - 5 scrolls of poison
 F - 2 scrolls of fog
 Q - a scroll of blinking
Potions
 b - a potion of magic
 q - a potion of attraction {unknown}
 s - 5 potions of curing
 u - a potion of haste
 v - 3 potions of brilliance
 L - a potion of resistance
 P - a potion of berserk rage
Miscellaneous
 O - a condenser vane


   Skills:
 + Level 7.1 Fighting
 - Level 2.1 Long Blades
 + Level 4.2 Staves
 + Level 4.8 Throwing
 - Level 4.0 Armour
 + Level 6.8 Dodging
 + Level 6.1 Stealth
 + Level 6.1 Spellcasting
 + Level 5.7 Conjurations
 - Level 2.0 Hexes
 + Level 3.3 Fire Magic
 + Level 8.5 Ice Magic
 + Level 4.3 Poison Magic
 + Level 4.3 Evocations


You had one spell level left.
You knew the following spells:

 Your Spells              Type           Power      Damage    Failure   Level
a - Freeze                Ice            100%       1d10      1%          1
b - Frozen Ramparts       Ice            100%       1d16      1%          3
c - Ensorcelled Hibernat  Hex/Ice        72%        N/A       5%          2
d - Ozocubu's Armour      Ice            53%        N/A       3%          3
e - Shock                 Conj/Air       92%        1d8       2%          1
f - Stone Arrow           Conj/Erth      46%        3d9       4%          3
g - Fireball              Conj/Fire      16%        3d8       14%         5
h - Dazzling Flash        Conj/Hex       58%        N/A       3%          3

Your spell library contained the following spells:

 Spells                   Type           Power      Damage    Failure   Level
 Apportation              Tloc           16%        N/A       17%         1
 Necrotise                Necr           32%        1d5       17%         1
 Summon Small Mammal      Summ           32%        N/A       17%         1
 Iskenderun's Battlesphe  Conj           39%        2d9       11%         5
 Passwall                 Tmut/Erth      6%         N/A       24%         2
 Summon Ice Beast         Ice/Summ       31%        N/A       26%         4
 Swiftness                Air            8%         N/A       38%         3
 Vampiric Draining        Necr           8%         2d6       38%         3
 Conjure Ball Lightning   Conj/Air       11%        3x3d6     71%         6
 Orb of Destruction       Conj           19%        9d8       85%         7
 Agony                    Necr           8%         N/A       96%         5


Dungeon Overview and Level Annotations

Branches:
Dungeon (9/15)             Temple (0/1) D:5            Lair (0/5) D:9
    Orc: D:9-12

Altars:
Fedhas
Makhleb
Ru
Trog
Vehumet

Shops:
D:7 *


Innate Abilities, Weirdness & Mutations

You are amphibious.
You cover ground slowly.
You can hop short distances.
You have an extended range of vision and can be seen from far away.
You possess an exceptional clarity of mind.
Your body sometimes deteriorates upon taking damage.


Message History

The cyclops throws a large rock.
The large rock hits you!!
* * * LOW HITPOINT WARNING * * *
Your body deteriorates!
You feel dopey.
Casting: Dazzling Flash (mildly dangerous; 3% risk of failure)
Confirm with . or Enter, or press ? or * to list all spells.
Aiming: Fireball (dangerous; 14% risk of failure)
Press: ? - help, Shift-Dir - straight line, f - cyclops
Aim: a cyclops, quivering large rocks The fireball explodes!
The fireball engulfs the cyclops!
The cyclops is moderately wounded.
The cyclops is engulfed in a cloud of scalding steam.
The cyclops throws a large rock.
The large rock closely misses you.
Casting: Fireball (dangerous; 14% risk of failure)
Confirm with . or Enter, or press ? or * to list all spells.
Aiming: Fireball (dangerous; 14% risk of failure)
Press: ? - help, Shift-Dir - straight line, f/p - cyclops
Aim: a cyclops, quivering large rocks (steam, heavily wounded)
The fireball explodes!
The fireball engulfs the cyclops!
The cyclops is severely wounded.
Magical energy flows into your mind!
Casting: Fireball (dangerous; 14% risk of failure)
Confirm with . or Enter, or press ? or * to list all spells.
Aiming: Fireball (dangerous; 14% risk of failure)
Press: ? - help, Shift-Dir - straight line, f/p - cyclops
Aim: a cyclops, quivering large rocks (steam, severely wounded)
The fireball explodes!
The fireball engulfs the cyclops.
The cyclops is almost dead.
The cyclops is engulfed in a cloud of scalding steam.
The cyclops throws a large rock.
The large rock hits you!
* * * LOW HITPOINT WARNING * * *
Your body deteriorates!
You feel clumsy.
Casting: Fireball (dangerous; 14% risk of failure)
Confirm with . or Enter, or press ? or * to list all spells.
Aiming: Fireball (dangerous; 14% risk of failure)
Press: ? - help, Shift-Dir - straight line, f/p - cyclops
Aim: a cyclops, quivering large rocks (steam, almost dead)
You miscast Fireball.
You are very lightly contaminated with residual magic.
Strange energies run through your body!
You die...

.....###.......#####.#)#####.#
.....+...............[..)...>#
.....###############.#.###.#.#
.....# ##~.#...#.#.# .....#
##~~~).....#.# ######
##§C§§)##.###.# ##~§§§§~~#.# #.#
## ##~~~§§~~)))# #.# .#
##~~@~~~~~~#.# #.# .########
##~~~~~~~~~##.# #.#
........####~~~~~~~~~~~#.# #.#
..........#~~~~~~~~~~~~#.# #.#
.#.#.#.#..#~~~~~~~~~~~~#.###.####
#########.~~~~~~~~~~~~~#)#.......
.#...#.#....~~~~~~~~~~##.#.#.####
##.#≈#.##.~..~~~~~~~~###.#.#.# #
.'.#.#.'..~....~~~~~## #.#...# #


You could see a cyclops.

Vanquished Creatures
  2 centaur warriors (D:9)
  A death yak (D:9)
  A two-headed ogre (D:9)
  Pikel (D:6)
  Joseph (D:9)
  Jeremiah (D:6)
  An unseen horror (D:9)
  Prince Ribbit (D:7)
  2 shadows (D:9)
  2 wyverns
  3 yaks (D:9)
  2 steam dragons
  Menkaure (D:7)
  Duvessa (D:7)
  A water moccasin (D:6)
  A floating eye (D:9)
  2 orc warriors (D:9)
  2 black bears
  2 ogres
  4 centaurs
  Blork the orc (D:4)
  3 kobold brigands
  3 bullfrogs
  2 gnoll sergeants (D:9)
  9 wights
  Dowan (D:7)
  A killer bee (D:9)
  4 howler monkeys
  2 electric eels (D:9)
  A hound (D:6)
  A jelly (D:4)
  4 orc priests
  2 sleepcaps
  5 orc wizards
  5 iguanas
  A hell rat (D:9)
  13 gnolls
  A river rat (D:9)
  6 adders
  A shadow imp (D:5)
  3 white imps
  3 dart slugs
  24 orcs
  7 ball pythons
  6 endoplasms
  3 giant cockroaches
  3 goblins
  6 hobgoblins
  2 jackals (D:1)
  8 quokkas
  4 bats
  2 frilled lizards
  13 kobolds
  3 rats
185 creatures vanquished.

Vanquished Creatures (others)
  2 death yaks (D:9)
  An orc wizard (D:9)
3 creatures vanquished.

Grand Total: 188 creatures vanquished

Notes
Turn   | Place    | Note
-------+----------+-------------------------------------------
     0 | D:1      | thriggle the Barachi Ice Elementalist began the quest for
                  | the Orb.
     0 | D:1      | Reached XP level 1. HP: 13/13 MP: 3/3
   239 | D:1      | Reached XP level 2. HP: 20/20 MP: 3/5
   264 | D:1      | Reached skill level 5 in Ice Magic
   337 | D:1      | Reached skill level 1 in Fighting
   570 | D:1      | Reached XP level 3. HP: 26/26 MP: 3/6
   588 | D:1      | Learned a level 3 spell: Frozen Ramparts
  1584 | D:3      | Learned a level 2 spell: Ensorcelled Hibernation
  1699 | D:3      | Reached XP level 4. HP: 32/32 MP: 3/7
  1782 | D:3      | Reached skill level 1 in Long Blades
  2507 | D:4      | Identified the +5 robe of the Inviting Spines {Rampage
                  | rN++}
  2533 | D:4      | Noticed Blork the orc
  2547 | D:4      | Killed Blork the orc
  2548 | D:4      | Reached skill level 1 in Throwing
  2548 | D:4      | Reached XP level 5. HP: 9/38 MP: 3/9
  2677 | D:4      | Learned a level 3 spell: Ozocubu's Armour
  2700 | D:4      | Found a radiant altar of Vehumet.
  2701 | D:4      | Found a bloodstained altar of Trog.
  2709 | D:4      | Became a worshipper of Vehumet
  2839 | D:4      | Noticed an ogre
  2846 | D:4      | Killed an ogre
  2847 | D:4      | Reached XP level 6. HP: 45/45 MP: 6/10
  2932 | D:4      | Reached skill level 1 in Conjurations
  3582 | D:5      | Entered Level 5 of the Dungeon
  3851 | D:5      | Reached XP level 7. HP: 28/52 MP: 3/12
  3974 | D:5      | Identified the +0 chain mail of Iceom {Rampage SInv}
  4067 | D:5      | Gained mutation: You are partially covered in iridescent
                  | scales. (AC +2) [potion of mutation]
  4088 | D:5      | Found a staircase to the Ecumenical Temple.
  4805 | D:6      | Reached skill level 6 in Ice Magic
  5049 | D:6      | Found a blossoming altar of Fedhas.
  5071 | D:6      | Noticed Jeremiah
  5135 | D:6      | Killed Jeremiah
  5136 | D:6      | Reached skill level 1 in Staves
  5136 | D:6      | Reached skill level 1 in Armour
  5136 | D:6      | Reached XP level 8. HP: 36/60 MP: 7/13
  5637 | D:6      | Noticed Pikel
  5644 | D:6      | Killed Pikel
  5645 | D:6      | Reached skill level 5 in Dodging
  5657 | D:6      | Reached XP level 9. HP: 57/66 MP: 7/15
  5842 | D:7      | Noticed Duvessa
  5886 | D:6      | Identified 2 scrolls of acquirement
  5886 | D:6      | Acquired the staff of Zin's Pride {rPois rC++ Int+3 Poison}
  5888 | D:6      | Acquired the amulet of Qazlal's Displeasure {Faith +Inv rF+
                  | rCorr}
  5898 | D:6      | Lost mutation: You are partially covered in iridescent
                  | scales. (AC +2) [potion of mutation]
  5898 | D:6      | Gained mutation: Your body sometimes deteriorates upon
                  | taking damage. [potion of mutation]
  5898 | D:6      | Gained mutation: You possess an exceptional clarity of
                  | mind. [potion of mutation]
  5938 | D:7      | Found a sacrificial altar of Ru.
  6137 | D:7      | Noticed Prince Ribbit
  6151 | D:7      | Killed Prince Ribbit
  6152 | D:7      | Reached skill level 7 in Ice Magic
  6222 | D:7      | Reached skill level 5 in Fighting
  6222 | D:7      | Reached skill level 1 in Evocations
  6489 | D:8      | HP: 2/68 [wyvern (8)]
  6490 | D:8      | Reached * piety under Vehumet
  6490 | D:8      | Offered knowledge of Shock by Vehumet.
  6492 | D:8      | Reached skill level 1 in Poison Magic
  6494 | D:8      | Learned a level 1 spell: Shock
  6836 | D:8      | Found the +8 mithril axe "Arga" {speed, Will+}
  6931 | D:8      | Reached skill level 1 in Hexes
  7464 | D:8      | Reached skill level 5 in Spellcasting
  7578 | D:7      | Noticed Dowan
  7585 | D:7      | Found Torchutan's General Store.
  7593 | D:7      | Killed Dowan
  7596 | D:7      | Killed Duvessa
  7603 | D:7      | Bought a potion of heal wounds for 65 gold pieces
  7603 | D:7      | Bought a potion of berserk rage for 65 gold pieces
  7603 | D:7      | Bought a scroll of blinking for 97 gold pieces
  7674 | D:7      | Noticed Menkaure
  7707 | D:7      | Reached skill level 5 in Stealth
  7716 | D:7      | Reached ** piety under Vehumet
  7730 | D:7      | Offered knowledge of Magic Dart by Vehumet.
  8084 | D:7      | Killed Menkaure
  8085 | D:7      | Reached XP level 10. HP: 76/76 MP: 13/17
  8231 | D:9      | Noticed a centaur warrior
  8261 | D:9      | Found a burning altar of Makhleb.
  8303 | D:9      | Noticed a centaur warrior
  8423 | D:8      | Acquired the ring "Geyneipp" {rElec MP+9 Int+5}
  8604 | D:9      | Noticed a death yak
  8606 | D:9      | Noticed a death yak
  8606 | D:9      | Noticed a death yak
  8611 | D:9      | Noticed Joseph
  8626 | D:9      | Killed a death yak
  8631 | D:9      | Killed a death yak
  8632 | D:9      | Reached skill level 1 in Fire Magic
  8641 | D:9      | Killed a death yak
  8646 | D:9      | Killed Joseph
  8647 | D:9      | Reached skill level 5 in Conjurations
  8839 | D:9      | Found a staircase to the Lair.
  8973 | D:9      | Noticed a two-headed ogre
  8983 | D:9      | Killed a two-headed ogre
  8984 | D:9      | Reached skill level 8 in Ice Magic
  9009 | D:9      | Reached XP level 11. HP: 59/83 MP: 19/19
  9037 | D:9      | Offered knowledge of Stone Arrow by Vehumet.
  9044 | D:9      | Learned a level 3 spell: Stone Arrow
  9209 | D:9      | Reached *** piety under Vehumet
  9409 | D:9      | Noticed a cyclops
  9464 | D:9      | Killed a centaur warrior
  9471 | D:9      | Learned a level 5 spell: Fireball
  9873 | D:9      | Killed a centaur warrior
  9888 | D:9      | Offered knowledge of Dazzling Flash by Vehumet.
  9893 | D:9      | Learned a level 3 spell: Dazzling Flash
 10061 | D:9      | Killed by miscasting Fireball

Illustrated notes

Levels and vault maps discovered:
D:1:      ebering_trefoil_3fold, layout_basic
D:2:      layout_rooms
D:3:      layout_basic
D:4:      layout_loops_ring, chequers_temple_overflow_statue_of_worship,
          grunt_ministairs_12, uniq_blork_the_orc
D:5:      layout_basic, minmay_temple_entry_mini_moons
D:6:      layout_loops_ring, lemuel_doored_altar, minmay_holes, uniq_pikel,
          uniq_jeremiah
D:7:      layout_loops_ring, lemuel_tele_altar, serial_shops, shop,
          uniq_duvessa, uniq_prince_ribbit1, uniq_menkaure
D:8:      layout_basic, nicolae_straight_to_the_point
D:9:      layout_basic, mainiacjoe_overflow_chevrons, dpeg_lair_monsters,
          onia_ninara_cookie, uniq_joseph

Skill      XL: |  1  2  3  4  5  6  7  8  9 10 11 |
---------------+----------------------------------+-----
Stealth        | 2 3 4 5 6 |  6.1
Ice Magic      | 5 6 7 8 |  8.5
Fighting       | 1 2 3 4 5 6 7 |  7.1
Long Blades    | 1 2 |  2.1
Throwing       | 1 2 3 4 |  4.8
Dodging        | 3 4 5 6 |  6.8
Spellcasting   | 3 4 5 6 |  6.1
Conjurations   | 1 2 3 4 5 |  5.7
Staves         | 1 2 3 4 |  4.2
Armour         | 1 3 4 |  4.0
Evocations     | 2 3 4 |  4.3
Poison Magic   | 2 3 4 |  4.3
Hexes          | 1 2 |  2.0
Fire Magic     | 2 3 |  3.3

Action                     |  1- 3 |  4- 6 |  7- 9 | 10-12 || total
---------------------------+-------+-------+-------+-------++-------
  Melee: Whip              |    35 |       |       |       ||    35
         Club              |     1 |       |       |       ||     1
         Flail             |    30 |    56 |    14 |       ||   100
         Trident           |       |    31 |       |     7 ||    38
         Dagger            |       |       |    45 |     1 ||    46
         Punch             |       |       |     1 |       ||     1
         Staff             |       |       |    59 |    97 ||   156
  Throw: Dart              |       |     5 |    10 |     7 ||    22
         Stone             |       |     1 |    10 |       ||    11
         Javelin           |       |       |    11 |     2 ||    13
         Boomerang         |       |       |     8 |       ||     8
         Throwing net      |       |       |     1 |       ||     1
   Cast: Freeze            |    40 |    21 |    37 |     5 ||   103
         Frozen Ramparts   |     2 |     8 |    23 |    16 ||    49
         Ozocubu's Armour  |       |     2 |    27 |    14 ||    43
         Ensorcelled Hiber |       |     1 |     3 |     3 ||     7
         Shock             |       |       |    19 |    13 ||    32
         Stone Arrow       |       |       |       |    12 ||    12
         Fireball          |       |       |       |     6 ||     6
         Dazzling Flash    |       |       |       |     2 ||     2
Ability: Hop               |       |       |       |     1 ||     1
  Evoke: Wand              |       |       |     9 |     3 ||    12
    Use: Scroll            |       |     7 |    10 |     1 ||    18
         Potion            |       |     2 |     6 |     1 ||     9
   Stab: Sleeping          |     3 |     6 |     3 |     1 ||    13
         Invisible         |       |       |     1 |       ||     1
 Armour: Robe              |    61 |    18 |    81 |   159 ||   319
         Leather armour    |       |    47 |    28 |       ||    75
  Dodge: Dodged            |    70 |    69 |    98 |    92 ||   329

Table legend: (Time is in decaauts)
 A = Elapsed time spent in this place.
 B = Non-inter-level travel time spent in this place.
 C = Inter-level travel time spent in this place.
 D = Time resting spent in this place.
 E = Time spent auto-exploring this place.
 F = Levels seen in this place.
 G = Mean time per level.
                   A        B        C        D        E       F      G
               +--------+--------+--------+--------+--------+-----+--------+
         Total |  11253 |  10839 |    414 |   1243 |   6279 |   9 | 1250.3 |
       Dungeon |  11253 |  10839 |    414 |   1243 |   6279 |   9 | 1250.3 |
               +--------+--------+--------+--------+--------+-----+--------+

Top non-repeatable levels by time:
     D:9: 1771 daAuts
     D:8: 1601 daAuts
     D:6: 1328 daAuts
     D:4: 1267 daAuts
     D:5: 1261 daAuts
     D:7: 1210 daAuts
     D:3: 1103 daAuts
     D:1: 940 daAuts
     D:2: 768 daAuts
